3L
HOUSTON 1837 BBC @ BROOKLYN DODGERS
09/21/2039
 
TOP OF THE 1ST
Houston 1837 BBC batting - Pitching for Brooklyn Dodgers : RHP Elroy Thompkins
Pitching: RHP Elroy Thompkins
Batting: RHB Jon Huband 0-0: Ball
1-0: Called Strike
1-1: Foul Ball, location: 2F
1-2: Foul Ball, location: 2F
1-2: Strikes out swinging
Batting: LHB Javier Seco 0-0: Called Strike
0-1: Ball
1-1: Ball
2-1: Foul Ball, location: 2F
2-2: Strikes out swinging
Batting: RHB Adam Smith 0-0: Ball
1-0: Foul Ball, location: 2F
1-1: Ground out 4-3 (Groundball, 4, EV 87.5 MPH)
Top of the 1st over - 0 runs, 0 hits, 0 errors, 0 left on base; Houston 0 - Brooklyn 0
BOTTOM OF THE 1ST
Brooklyn Dodgers batting - Pitching for Houston 1837 BBC : RHP Júlio Gutiérrez
Pitching: RHP Júlio Gutiérrez
Batting: SHB Fa-hsien Tze 0-0: Ball
1-0: Fly out, F7 (Flyball, 7LS, EV 93.1 MPH)
Batting: LHB Tony Wonder 0-0: Ball
1-0: Ball
2-0: Ball
3-0: Base on Balls
Pitching: RHP Santiago Ramírez
Batting: LHB Count Dante 0-0: Ball
1-0: Called Strike
1-1: Called Strike
Tony Wonder steals 2nd base (no throw)
1-2: Foul Ball, location: 2F
1-2: Fly out, F7 (Flyball, 7D, EV 89.4 MPH)
Runner from 2nd tags up, SAFE at 3rd with throw by LF
Batting: RHB Carlos Muńóz 0-0: Ball
1-0: Foul Ball, location: 2F
1-1: Ground out U3 (Groundball, 34, EV 85.0 MPH)
Bottom of the 1st over - 0 runs, 0 hits, 0 errors, 1 left on base; Houston 0 - Brooklyn 0
TOP OF THE 2ND
Houston 1837 BBC batting - Pitching for Brooklyn Dodgers : RHP Elroy Thompkins
Batting: RHB Krystof Melichar 0-0: SINGLE (Groundball, 4MD, EV 107.5 MPH)
Batting: LHB Bill Dixon 0-0: Grounds into double play, 3-6-3 (Groundball, 3, EV 106.2 MPH)
Batting: LHB César Gómes 0-0: DOUBLE (Line Drive, 78D, EV 110.0 MPH)
Batting: SHB Yeow-whye Zhu 0-0: Ball
1-0: Ball
2-0: Foul Ball, location: 2F
2-1: Swinging Strike
2-2: Foul Ball, location: 2F
2-2: Foul Ball, location: 2F
2-2: Strikes out swinging
Top of the 2nd over - 0 runs, 2 hits, 0 errors, 1 left on base; Houston 0 - Brooklyn 0
BOTTOM OF THE 2ND
Brooklyn Dodgers batting - Pitching for Houston 1837 BBC : RHP Santiago Ramírez
Batting: LHB Jung-joon Yi 0-0: Ground out 5-3 (Groundball, 5S, EV 80.6 MPH)
Batting: LHB Alexis Raimbault 0-0: Ball
1-0: Ball
2-0: Ball
3-0: Called Strike
3-1: SINGLE (Groundball, 6MD, EV 98.1 MPH)
Batting: RHB Quindarious Monday 0-0: Called Strike
0-1: Foul Ball, location: 2F
0-2: Ball
1-2: Ball
2-2: Foul Ball, location: 2F
2-2: Foul Ball, location: 2F
2-2: Foul Ball, location: 2F
2-2: Ball
3-2: DOUBLE (Groundball, 3L, EV 102.5 MPH)
Alexis Raimbault to third
Batting: LHB Hugh Hill 0-0: Ball
1-0: Ball
2-0: Ball
3-0: Called Strike
3-1: Swinging Strike
3-2: Base on Balls
Batting: RHB Phil Sherman 0-0: Ball
1-0: Called Strike
1-1: Ball
Wild Pitch!
Alexis Raimbault scores
Quindarious Monday to third
Hugh Hill to second
2-1: Fly out, F3 (Popup, 3, EV 65.0 MPH)
Batting: SHB Fa-hsien Tze 0-0: Ground out 6-3 (Groundball, 6, EV 90.6 MPH)
Bottom of the 2nd over - 1 run, 2 hits, 0 errors, 2 left on base; Houston 0 - Brooklyn 1
TOP OF THE 3RD
Houston 1837 BBC batting - Pitching for Brooklyn Dodgers : RHP Elroy Thompkins
Batting: RHB David Elías 0-0: Foul Ball, location: 2F
0-1: Called Strike
0-2: Strikes out swinging
Batting: LHB Ramiro Palmeiro 0-0: SINGLE (Line Drive, 8RS, EV 104.4 MPH)
Batting: RHB Jon Huband 0-0: Called Strike
0-1: DOUBLE (Line Drive, 89D, EV 103.1 MPH)
Ramiro Palmeiro to third
Batting: LHB Javier Seco 0-0: Foul Ball, location: 2F
0-1: Fly out, F7 (Line Drive, 7, EV 83.8 MPH)
Runner from 3rd tags up, SCORES, throw by LF
Batting: RHB Adam Smith 0-0: Called Strike
0-1: Foul Ball, location: 2F
0-2: Ball
1-2: Ball
2-2: Ball
3-2: Foul Ball, location: 2F
3-2: SINGLE (Groundball, 4M, EV 83.8 MPH) (infield hit)
Jon Huband to third
Batting: RHB Krystof Melichar 0-0: Ball
1-0: Called Strike
1-1: Fly out, F8 (Line Drive, 8LM, EV 89.4 MPH)
Top of the 3rd over - 1 run, 3 hits, 0 errors, 2 left on base; Houston 1 - Brooklyn 1
BOTTOM OF THE 3RD
Brooklyn Dodgers batting - Pitching for Houston 1837 BBC : RHP Santiago Ramírez
Batting: LHB Tony Wonder 0-0: Called Strike
0-1: Foul Ball, location: 2F
0-2: Ball
1-2: Ball
2-2: Foul Ball, location: 2F
2-2: Foul Ball, location: 2F
2-2: SINGLE (Groundball, 6D, EV 101.9 MPH)
Batting: LHB Count Dante 0-0: Ball
1-0: Swinging Strike
1-1: Swinging Strike
1-2: Ball
2-2: Ball
3-2: Foul Ball, location: 2F
3-2: Base on Balls
Tony Wonder to second
Pitching: LHP Gil Herrera
Batting: RHB Carlos Muńóz 0-0: Called Strike
0-1: Ball
1-1: Foul Ball, location: 2F
1-2: Ball
2-2: Foul Ball, location: 2F
2-2: Foul Ball, location: 2F
2-2: Foul Ball, location: 2F
2-2: Strikes out swinging
Batting: LHB Jung-joon Yi 0-0: Ball
Tony Wonder is caught stealing 3rd base 2-5
1-0: Ball
2-0: Foul Ball, location: 2F
2-1: Foul Ball, location: 2F
2-2: Ball
3-2: Strikes out swinging
Bottom of the 3rd over - 0 runs, 1 hit, 0 errors, 1 left on base; Houston 1 - Brooklyn 1
TOP OF THE 4TH
Houston 1837 BBC batting - Pitching for Brooklyn Dodgers : RHP Elroy Thompkins
Batting: LHB Bill Dixon 0-0: Ball
1-0: Foul Ball, location: 2F
1-1: Ball
2-1: SINGLE (Groundball, 34D, EV 95.0 MPH)
Batting: LHB César Gómes 0-0: Ball
1-0: Foul Ball, location: 2F
1-1: Swinging Strike
1-2: Ball
2-2: Fielders Choice at 2nd, 5-4 (Groundball, 56, EV 102.5 MPH)
Batting: SHB Yeow-whye Zhu 0-0: Called Strike
César Gómes steals 2nd base
0-1: Foul Ball, location: 2F
0-2: Ball
1-2: Foul Ball, location: 2F
1-2: Ball
2-2: Foul Ball, location: 2F
2-2: Ground out 6-3 (Groundball, 6, EV 103.1 MPH)
Batting: RHB David Elías 0-0: Ball
1-0: Foul Ball, location: 2F
1-1: Ball
2-1: Swinging Strike
2-2: Ball
3-2: Fly out, F8 (Flyball, 78S, EV 98.1 MPH)
Top of the 4th over - 0 runs, 1 hit, 0 errors, 1 left on base; Houston 1 - Brooklyn 1
BOTTOM OF THE 4TH
Brooklyn Dodgers batting - Pitching for Houston 1837 BBC : LHP Gil Herrera
Batting: LHB Alexis Raimbault 0-0: Ball
1-0: Foul Ball, location: 2F
1-1: Swinging Strike
1-2: Strikes out swinging
Batting: RHB Quindarious Monday 0-0: Foul Ball, location: 2F
0-1: SINGLE (Line Drive, 5D, EV 94.4 MPH)
Batting: LHB Hugh Hill 0-0: Called Strike
Quindarious Monday steals 2nd base (no throw)
0-1: Foul Ball, location: 2F
0-2: Ball
1-2: Ground out U3 (Groundball, 34, EV 93.8 MPH)
Quindarious Monday to third
Batting: RHB Phil Sherman 0-0: SINGLE (Groundball, 34D, EV 95.0 MPH)
Quindarious Monday scores
Batting: SHB Fa-hsien Tze 0-0: Foul Ball, location: 2F
0-1: Ball
1-1: Foul Ball, location: 2F
1-2: SINGLE (Line Drive, 56, EV 95.0 MPH)
Phil Sherman to second
Batting: LHB Tony Wonder 0-0: Called Strike
0-1: Ball
1-1: Ball
2-1: Foul Ball, location: 2F
2-2: SINGLE (Groundball, 13, EV 71.2 MPH) (infield hit)
Phil Sherman to third
Fa-hsien Tze to second
Batting: LHB Count Dante 0-0: Swinging Strike
0-1: Foul Ball, location: 2F
0-2: Ball
1-2: Ball
2-2: Ball
3-2: Foul Ball, location: 2F
3-2: Strikes out looking
Bottom of the 4th over - 1 run, 4 hits, 0 errors, 3 left on base; Houston 1 - Brooklyn 2
TOP OF THE 5TH
Houston 1837 BBC batting - Pitching for Brooklyn Dodgers : RHP Elroy Thompkins
Batting: LHB Ramiro Palmeiro 0-0: Ground out 4-3 (Groundball, 34D, EV 83.1 MPH)
Batting: RHB Jon Huband 0-0: Ball
1-0: Ball
2-0: Foul Ball, location: 2F
2-1: Ball
3-1: Base on Balls
Batting: LHB Javier Seco 0-0: Ball
1-0: Called Strike
Jon Huband steals 2nd base
1-1: Ground out 4-3 (Groundball, 4MS, EV 68.1 MPH)
Jon Huband to third
Batting: RHB Adam Smith 0-0: Ball
1-0: Ground out 6-3 (Groundball, 6, EV 96.9 MPH)
Top of the 5th over - 0 runs, 0 hits, 0 errors, 1 left on base; Houston 1 - Brooklyn 2
BOTTOM OF THE 5TH
Brooklyn Dodgers batting - Pitching for Houston 1837 BBC : LHP Gil Herrera
Batting: RHB Carlos Muńóz 0-0: Called Strike
0-1: Ball
1-1: Ball
2-1: Foul Ball, location: 2F
2-2: Ball
3-2: Strikes out swinging
Batting: LHB Jung-joon Yi 0-0: Called Strike
0-1: Swinging Strike
0-2: Strikes out swinging
Batting: LHB Alexis Raimbault 0-0: Called Strike
0-1: Ball
1-1: Fly out, F9 (Line Drive, 9D, EV 86.2 MPH)
Bottom of the 5th over - 0 runs, 0 hits, 0 errors, 0 left on base; Houston 1 - Brooklyn 2
TOP OF THE 6TH
Houston 1837 BBC batting - Pitching for Brooklyn Dodgers : RHP Elroy Thompkins
Batting: RHB Krystof Melichar 0-0: Called Strike
0-1: Ball
1-1: Fly out, F8 (Flyball, 8RS, EV 73.8 MPH)
Batting: LHB Bill Dixon 0-0: Ball
1-0: Ball
2-0: Called Strike
2-1: Ground out U3 (Groundball, 3L, EV 93.1 MPH)
Batting: LHB César Gómes 0-0: Ball
1-0: Ball
2-0: Ball
3-0: Called Strike
3-1: Bunted foul
3-2: Foul Ball, location: 2F
3-2: Ground out 6-3 (Groundball, 6M, EV 107.5 MPH)
Top of the 6th over - 0 runs, 0 hits, 0 errors, 0 left on base; Houston 1 - Brooklyn 2
BOTTOM OF THE 6TH
Brooklyn Dodgers batting - Pitching for Houston 1837 BBC : LHP Gil Herrera
Batting: RHB Quindarious Monday 0-0: Foul Ball, location: 2F
0-1: Swinging Strike
0-2: Ball
1-2: Strikes out looking
Batting: LHB Hugh Hill 0-0: Ball
1-0: Ball
2-0: Fly out, F8 (Flyball, 8LD, EV 89.4 MPH)
Batting: RHB Phil Sherman 0-0: Called Strike
0-1: Ball
1-1: Called Strike
1-2: Ball
2-2: Strikes out swinging
Bottom of the 6th over - 0 runs, 0 hits, 0 errors, 0 left on base; Houston 1 - Brooklyn 2
TOP OF THE 7TH
Houston 1837 BBC batting - Pitching for Brooklyn Dodgers : RHP Elroy Thompkins
Batting: SHB Yeow-whye Zhu 0-0: Called Strike
0-1: Called Strike
0-2: Strikes out looking
Batting: RHB David Elías 0-0: Ball
1-0: Ball
2-0: Called Strike
2-1: Swinging Strike
2-2: Ground out 6-3 (Groundball, 6, EV 88.8 MPH)
Batting: LHB Ramiro Palmeiro 0-0: Ground out 2-3 (Groundball, 15S, EV 77.5 MPH)
Top of the 7th over - 0 runs, 0 hits, 0 errors, 0 left on base; Houston 1 - Brooklyn 2
BOTTOM OF THE 7TH
Brooklyn Dodgers batting - Pitching for Houston 1837 BBC : LHP Gil Herrera
Batting: SHB Fa-hsien Tze 0-0: Swinging Strike
0-1: DOUBLE (Line Drive, 89M, EV 112.5 MPH)
Batting: LHB Tony Wonder 0-0: Intentional Walk
Pitching: RHP José Ledezma
Batting: LHB Count Dante 0-0: Ball
1-0: Ball
Fa-hsien Tze steals 3rd base
2-0: Called Strike
2-1: Foul Ball, location: 2F
2-2: Foul Ball, location: 2F
2-2: Ball
Tony Wonder steals 2nd base
3-2: SINGLE (Groundball, 3, EV 88.1 MPH) (infield hit)
Fa-hsien Tze scores
Tony Wonder to third
Batting: RHB Carlos Muńóz 0-0: Foul Ball, location: 2F
0-1: Fly out, F7 (Flyball, 78XD, EV 88.1 MPH)
Runner from 3rd tags up, SCORES, no throw by LF
Batting: LHB Jung-joon Yi 0-0: Called Strike
0-1: Ball
1-1: Grounds into double play, 6-4-3 (Groundball, 56, EV 84.4 MPH)
Bottom of the 7th over - 2 runs, 2 hits, 0 errors, 0 left on base; Houston 1 - Brooklyn 4
TOP OF THE 8TH
Houston 1837 BBC batting - Pitching for Brooklyn Dodgers : RHP Elroy Thompkins
Batting: RHB Jon Huband 0-0: Bunted foul
0-1: Swinging Strike
0-2: Ball
1-2: Ground out 5-3 (Groundball, 5, EV 81.9 MPH)
Batting: LHB Javier Seco 0-0: Ball
1-0: Ground out 6-3 (Groundball, 6, EV 86.2 MPH)
Batting: RHB Adam Smith 0-0: Ball
1-0: Swinging Strike
1-1: Foul Ball, location: 2F
1-2: Fly out, F8 (Flyball, 8LD, EV 88.1 MPH)
Top of the 8th over - 0 runs, 0 hits, 0 errors, 0 left on base; Houston 1 - Brooklyn 4
BOTTOM OF THE 8TH
Brooklyn Dodgers batting - Pitching for Houston 1837 BBC : RHP José Ledezma
Batting: LHB Alexis Raimbault 0-0: Swinging Strike
0-1: Ball
1-1: Called Strike
1-2: Ball
2-2: Ground out 4-3 (Groundball, 4, EV 84.4 MPH)
Batting: RHB Quindarious Monday 0-0: Called Strike
0-1: Ball
1-1: Called Strike
1-2: Ground out 4-3 (Groundball, 4, EV 102.5 MPH)
Batting: LHB Hugh Hill 0-0: Ball
1-0: Ball
2-0: Fly out, F8 (Flyball, 8LD, EV 101.2 MPH)
Bottom of the 8th over - 0 runs, 0 hits, 0 errors, 0 left on base; Houston 1 - Brooklyn 4
TOP OF THE 9TH
Houston 1837 BBC batting - Pitching for Brooklyn Dodgers : RHP Elroy Thompkins
Pitching: RHP Ramón Granados
Batting: RHB Krystof Melichar 0-0: Ground out 4-3 (Groundball, 4M, EV 84.4 MPH)
Batting: LHB Bill Dixon 0-0: Called Strike
0-1: Ball
1-1: Ball
2-1: Foul Ball, location: 2F
2-2: SINGLE (Line Drive, 89S, EV 103.1 MPH)
Batting: LHB César Gómes 0-0: Called Strike
0-1: Ball
1-1: Ball
2-1: SINGLE (Line Drive, 7S, EV 100.6 MPH)
Bill Dixon to second
Batting: SHB Yeow-whye Zhu 0-0: Fly out, F8 (Flyball, 8LM, EV 80.0 MPH)
Pinch Hitting: RHB Joey Trifone 0-0: Ball
1-0: Ball
2-0: Ball
3-0: Base on Balls
Bill Dixon to third
César Gómes to second
Batting: LHB Ramiro Palmeiro 0-0: Ball
1-0: Called Strike
1-1: Ball
2-1: Fly out, F9 (Flyball, 9LS, EV 89.4 MPH)
Top of the 9th over - 0 runs, 2 hits, 0 errors, 3 left on base; Houston 1 - Brooklyn 4
Wednesday, July 8th, 2020 - OOTP Baseball 20.8 Build 74